[Event "101st Irish Championship 2022"]
[Site "Dublin"]
[Date "2022.07.05"]
[Round "1.1"]
[White "O`Gorman, Tom"]
[Black "Kennedy, John"]
[Result "1-0"]
[ECO "D34"]
[WhiteElo "2401"]
[BlackElo "2047"]
[Annotator "TA"]
[PlyCount "57"]
[EventDate "2022.07.05"]
[EventType "swiss"]
[EventCountry "IRL"]
[SourceTitle "playchess.com"]
[Source "ChessBase"]
[SourceQuality "1"]
[TimeControl "40/6300+30:1800+30"]

1. d4 d5 2. c4 e6 3. Nc3 c5 4. cxd5 exd5 5. Nf3 Nc6 6. g3 Nf6 7. Bg2 Be7 8. O-O O-O 9. dxc5 Bxc5 10. Na4 Be7 11. Be3 Be6 12. Rc1 {[%emt 0:01:51] D34: Tarrasch Defence: 6 g3 Nf6 7 Bg2 Be7.} Qd7 13. Nc5 Bxc5 14. Bxc5 {[%emt 0:00:15] White has an edge.} Rfe8 15. Re1 Bh3 16. Bh1 Ne4 17. Bd4 {[%emt 0:32:51] [#]} Re6 $146 ({Predecessor:} 17... Rac8 18. a3 a6 19. b4 h6 20. Bc5 Qf5 21. Bd4 Rcd8 22. Nh4 Qe6 23. Nf3 g5 {½-½ (64) Schaefer,R (2102)-Barthel,A (2229) Reykjavik 2014}) 18. Be3 Rae8 19. Qa4 Rg6 20. Red1 Qd6 {[%emt 0:05:55][%cal Re4g3] [#] Threatens to win with ...Nxg3!} 21. Qa3 Nxg3 $2 {[%emt 0:11:42][%mdl 8192] This costs Black the game.} 22. hxg3 $18 {[%emt 0:01:49] White is clearly winning.} Rxg3+ 23. Kh2 Rg2+ 24. Kxh3 Qg6 25. Bxg2 Qh5+ 26. Kg3 Re4 {[%emt 0:06:03] [#]} 27. Rd4 $1 {[%emt 0:00:27] And now Rxe4 would win.} Qg4+ (27... h6 28. Rxe4) 28. Kh2 Nxd4 29. Nxd4 {[%emt 0:00:44] Weighted Error Value: White=0.07 (flawless) /Black=0.80} 1-0

[Event "101st Irish Championship 2022"]
[Site "Dublin"]
[Date "2022.07.05"]
[Round "1.2"]
[White "O`Gorman, Alice"]
[Black "Baburin, Alexander"]
[Result "0-1"]
[ECO "D35"]
[WhiteElo "2043"]
[BlackElo "2400"]
[Annotator "TA"]
[PlyCount "66"]
[EventDate "2022.07.05"]
[EventType "swiss"]
[EventCountry "IRL"]
[SourceTitle "playchess.com"]
[Source "ChessBase"]
[SourceQuality "1"]
[TimeControl "40/6300+30:1800+30"]

1. c4 e6 2. Nc3 d5 3. d4 Nf6 4. cxd5 exd5 5. Bg5 c6 6. e3 Nbd7 7. Bd3 Bd6 8. Nf3 Nf8 9. e4 {[%emt 0:05:07] 9.0-0 is a critical line. D35: Queen's Gambit Declined: Exchange Variation.} dxe4 10. Nxe4 Bb4+ {[%emt 0:12:20] [#]} 11. Kf1 $146 {[%emt 0:14:12][%cal Od4d5] The position is equal.} ({Predecessor:} 11. Nc3 Qe7+ 12. Ne5 Ne6 13. Be3 Nd5 14. Qc2 Nxd4 15. Bxd4 f6 16. O-O fxe5 17. Rae1 {1-0 (24) Hernanz Villaoslada,J (1705)-Huerta Navarro,E (1948) Madrid 2009}) 11... Be7 {[%emt 0:01:15] White must now prevent ...Nxe4.} 12. Qc2 Ne6 13. Bxf6 Bxf6 14. Re1 g6 (14... Be7 $5 ) 15. h4 O-O $1 (15... Bxd4 16. Bc4 Bf6 17. h5 $14 (17. Nxf6+ Qxf6 18. Ne5 O-O $14)) 16. Nxf6+ Qxf6 17. h5 $1 Nf4 18. hxg6 hxg6 19. Be4 Be6 20. Qd2 (20. g3 $5 Nd5 21. Qc1 $11) 20... Rad8 21. g3 Bc4+ 22. Kg1 Ne6 (22... Nh5 23. Qb4 Bb5 24. Ne5 $16) 23. b3 (23. Qh6 Qg7 24. Qe3 Nxd4 $15) 23... Bd5 24. Ne5 Rfe8 (24... Qg5 $11 25. Qc3 Kg7) 25. Ng4 $2 (25. Qh6 Qg7 26. Bxd5 Qxh6 27. Rxh6 Rxd5 $17) (25. Bxd5 $16 {is forced if you want to stay better.} Rxd5 26. Ng4 (26. Qh6 Qg7 $17)) 25... Qg7 $2 (25... Qg5 $17 26. Qe3 (26. Qxg5 $2 Nxg5 27. Nf6+ Kg7 $19) 26... Bxe4 27. Qxe4 Ng7) 26. Qb4 (26. Bxd5 $14 {is the one way to stay ahead.} Rxd5 27. Qb4) 26... c5 $2 (26... Qxd4 $19 27. Qxd4 Nxd4) 27. dxc5 $14 a5 ({Better is} 27... Bxe4 $14 28. Qxe4 Nc7) 28. Qa3 $2 (28. Qxa5 $16 {And now Bxd5 would win.} Bxe4 29. Rxe4) 28... Qc3 (28... Bxe4 $17 29. Rxe4 Rd1+ 30. Kg2 Rxh1 31. Kxh1 f5) 29. Re3 $2 {[%emt 0:01:53][%mdl 8192] [#]} (29. Qc1 $11 Qxc1 30. Rxc1) 29... Bxe4 $1 $19 {[%emt 0:00:49][%mdl 64] Deflection} 30. Rxe4 Qf3 {[%emt 0:01:31] ( -> ...Rd1+)} 31. Kh2 Rd2 (31... Rd5 $142 32. Nf6+ Qxf6) 32. Rf1 Kg7 33. Qxa5 Rh8+ {[%emt 0:00:35] Weighted Error Value: White=0.94/Black=0.59} 0-1

[Event "101st Irish Championship 2022"]
[Site "Dublin"]
[Date "2022.07.05"]
[Round "1.3"]
[White "Kanyamarala, Tarun"]
[Black "Mats, Diana"]
[Result "1-0"]
[ECO "D53"]
[WhiteElo "2379"]
[BlackElo "2028"]
[Annotator "TA"]
[PlyCount "129"]
[EventDate "2022.07.05"]
[EventType "swiss"]
[EventCountry "IRL"]
[SourceTitle "playchess.com"]
[Source "ChessBase"]
[SourceQuality "1"]
[TimeControl "40/6300+30:1800+30"]

1. d4 Nf6 2. c4 e6 3. Nc3 d5 4. Nf3 c6 5. Bg5 h6 6. Bh4 Be7 7. e3 Nbd7 8. Bd3 dxc4 9. Bxc4 b5 10. Bd3 {[%emt 0:00:20] D53: Queen's Gambit Declined: 4 Bg5 Be7: Early deviations.} a6 {[%emt 0:00:27] has lost popularity (10...Bb7).} 11. Bxf6 Nxf6 {[%emt 0:01:23] [#]} 12. Ne4 $146 {[%emt 0:00:30] The position is equal.} ({Predecessor:} 12. O-O Bb7 13. Ne4 Nd7 14. Qe2 Qb6 15. a4 O-O 16. Rfc1 Rfd8 17. axb5 cxb5 18. Ng3 {0-1 (54) Hejny,B (1734)-Szczepanski,Z (2499) LSS email 2015}) 12... Bb4+ 13. Ke2 Nd5 (13... Nd7 $14) 14. Qc2 Bd7 15. a3 Be7 16. Nc5 {[%emt 0:00:56] White is more active.} Bxc5 17. Qxc5 Qe7 18. Rac1 $36 {[%emt 0:03:44][%mdl 2048] White is in control.} Qxc5 19. Rxc5 f6 {[%emt 0:00:40] Prevents Ne5.} 20. Nd2 Ke7 21. Nb3 e5 (21... a5 $16) 22. dxe5 $18 fxe5 23. Na5 Kd6 24. Rhc1 Rac8 (24... b4 $142 25. Kf1 (25. Nxc6 bxa3 26. bxa3 Rhc8 $16) 25... Rhc8) 25. Be4 Rhf8 26. b4 Ne7 27. Rd1+ Ke6 (27... Kc7 $142 28. Rxe5 Rce8) 28. Nb7 Rc7 {[%emt 0:03:31] [#]} 29. Rd6+ $1 Kf7 30. Na5 Nc8 31. Rd3 Re8 32. Nxc6 Bxc6 33. Bxc6 (33. Rxc6 Rxc6 34. Bxc6 Re7 35. Bd5+ Ke8 36. Bc6+ Kf7 37. Bd5+ Ke8 $18) 33... Ree7 34. Rdc3 {[%emt 0:00:17] And now Bd5+ would win.} Kf6 {[%emt 0:02:02] [#]} 35. Bxb5 $1 Rxc5 36. Rxc5 axb5 37. Rxc8 {[%emt 0:00:11][%mdl 4096] Endgame KR-KR} Ra7 38. Rc6+ Kf5 39. Rc3 g5 40. f3 h5 41. e4+ Ke6 42. Ke3 h4 43. g3 h3 $2 (43... hxg3 {was necessary.} 44. hxg3 Ra8) 44. f4 g4 45. f5+ Kf7 $2 (45... Kf6 46. Ke2 Ra6) 46. Kd2 Ra6 (46... Rd7+ $142 47. Rd3 Ra7) 47. Kc2 Kf6 48. Rd3 $2 (48. Kb2 Rd6 49. a4 bxa4 50. b5) 48... Rc6+ 49. Kb3 Rc1 50. Re3 {[%emt 0:00:00] Inhibits Re1. Strongly threatening Re2.} Rg1 $2 {[%emt 0:00:00][%mdl 8192] [#]} (50... Rd1 $16 {is more resistant.}) 51. Re2 $1 {[%emt 0:00:00] Threatens to win with a4.} Rg2 (51... Ke7 $142 52. a4 bxa4+ 53. Ka3 (53. Kxa4 Rg2 $11) 53... Kd6 54. Rd2+ (54. Kxa4 Rg2 $11) 54... Kc7) 52. Rb2 {[%emt 0:00:00] Hoping for a4.} Rg1 53. a4 bxa4+ 54. Kxa4 {[%emt 0:00:00] White threatens b5 and mate.} Ra1+ 55. Kb5 {[%emt 0:00:06] Kc6 is the strong threat.} Re1 56. Kc6 {[%emt 0:00:34] White mates.} Rxe4 57. b5 Rc4+ 58. Kd7 Rd4+ 59. Ke8 e4 60. b6 e3 61. b7 Re4+ 62. Kf8 e2 63. Rxe2 Rb4 64. Re7 Kxf5 65. Ke8 {[%emt 0:00:00] Weighted Error Value: White=0.27 (precise) /Black=0.57} 1-0

[Event "101st Irish Championship 2022"]
[Site "Dublin"]
[Date "2022.07.05"]
[Round "1.4"]
[White "Melaugh, Gavin"]
[Black "Li, Henry"]
[Result "1/2-1/2"]
[ECO "C56"]
[WhiteElo "2020"]
[BlackElo "2319"]
[Annotator "TA"]
[PlyCount "51"]
[EventDate "2022.07.05"]
[EventType "swiss"]
[EventCountry "IRL"]
[SourceTitle "playchess.com"]
[Source "ChessBase"]
[SourceQuality "1"]
[TimeControl "40/6300+30:1800+30"]

1. e4 e5 2. Nf3 Nc6 3. d4 exd4 4. Bc4 Nf6 5. Ng5 d5 6. exd5 Qe7+ 7. Kf1 Ne5 $1 8. Qxd4 {[%emt 0:00:06] C56: Two Knights: 4 d4 exd4 5 0-0 Nxe4.} Bf5 9. Bf4 (9. Bb5+ $11 c6 10. Nc3 cxb5 11. Bf4) 9... Nxc4 $17 10. Qxc4 {[%emt 0:00:20] [#] And now Na3 would win. Black is slightly better.} Qc5 (10... h6 $15 11. Nf3 O-O-O) 11. Qxc5 $11 Bxc5 12. Nc3 O-O 13. Bxc7 h6 14. Nf3 Bxc2 {[%emt 0:02:19] [#]} 15. Ne1 $146 ({Predecessor:} 15. Be5 Bd3+ 16. Kg1 Ne4 17. Nxe4 Bxe4 18. d6 Bxf3 19. gxf3 Rae8 20. Bg3 f5 21. Rc1 {½-½ (44) Nielsen,L (2234)-Longson,S (2117) Cardiff 2016}) 15... Bf5 16. Rd1 Ne8 {[%emt 0:09:46][%mdl 1024] Black has compensation.} 17. Bg3 Rd8 18. Nd3 Bb6 {[%emt 0:03:35] A strong pair of Bishops.} (18... Bd4 $5 ) 19. f3 Nf6 20. d6 Rfe8 21. Nf4 Kf8 22. Bf2 g5 23. Bxb6 axb6 24. Nfd5 (24. Nfe2 $16) 24... Rxd6 25. Nxf6 Rxf6 26. Kf2 {[%emt 0:00:21] Weighted Error Value: White=0.16 (very precise) /Black=0.15 (very precise)} 1/2-1/2

[Event "101st Irish Championship 2022"]
[Site "Dublin"]
[Date "2022.07.05"]
[Round "1.5"]
[White "Pang, Khai Jie Ryan"]
[Black "Fox, Anthony"]
[Result "1-0"]
[ECO "C77"]
[WhiteElo "1841"]
[BlackElo "1945"]
[Annotator "TA"]
[PlyCount "113"]
[EventDate "2022.07.05"]
[EventType "swiss"]
[EventCountry "IRL"]
[SourceTitle "playchess.com"]
[Source "ChessBase"]
[SourceQuality "1"]
[TimeControl "40/6300+30:1800+30"]

1. e4 e5 2. Nf3 Nc6 3. Bb5 a6 4. Ba4 Nf6 5. O-O Be7 6. d3 b5 7. Bb3 d6 8. a3 O-O 9. Nc3 Na5 {[%emt 0:11:47] C77: Ruy Lopez: 3...a6 4 Ba4 Nf6, unusual lines.} 10. Ba2 c5 11. b4 cxb4 {[%emt 0:02:22] The position is equal.} 12. axb4 Nc6 13. Nd5 Nxd5 14. Bxd5 Qc7 15. h3 Bb7 16. Bd2 {[%emt 0:03:01] [#]} Nd8 $146 ({Predecessor:} 16... Bf6 17. c4 Ne7 18. Qb3 Nxd5 19. cxd5 Be7 20. Rfc1 Qd7 21. Rc2 Rfc8 22. Rac1 Rxc2 23. Rxc2 {½-½ (71) Schramm,B (2126)-Nadig,K (2237) Gibraltar 2006}) 17. c4 {[%emt 0:05:20] And now cxb5 would win.} Ne6 18. Qb3 Bxd5 (18... Qd7 $14) 19. cxd5 $16 (19. exd5 $6 Nf4 $14) 19... Nf4 20. Bxf4 exf4 21. Rfc1 Qd7 (21... Qd8 $16 22. Ra5 Qd7) 22. Rc6 $18 Rfc8 23. Rac1 h6 24. Nd4 Rxc6 (24... g6 $16 {was necessary.} 25. Rxc8+ Rxc8) 25. dxc6 Qc7 26. Qd5 g6 27. f3 Rb8 28. Ne2 Bg5 29. d4 Kg7 30. Qa2 Rb6 (30... Qb6 $142 31. Kh1 (31. c7 Rc8 $18) 31... Rc8) 31. d5 Bf6 32. Qd2 ({Don't take} 32. Nxf4 $6 Bd4+ 33. Kf1 Be3 $16) 32... Rb8 33. Kh1 ({Not} 33. Qxf4 Bg5 34. Qg3 Be3+ 35. Kh2 Bxc1 36. Nxc1 Qe7 $16) 33... g5 34. Nd4 Bxd4 35. Qxd4+ {[%emt 0:00:16][%mdl 4096] Endgame KQR-KQR} f6 36. Ra1 Ra8 37. Ra5 Qa7 (37... Kf7 $142 38. Ra1 Kg6) 38. Qxa7+ Rxa7 {[%emt 0:00:07] KR-KR} 39. g3 fxg3 $2 {[%emt 0:01:27] [#]} (39... h5 40. Kg2 Kf7) 40. Kg2 h5 41. Kxg3 Kg6 42. f4 Kh6 (42... Kf7 $142 43. Ra2 Ra8) 43. Kf3 gxf4 44. Kxf4 Kg6 45. Ra2 Ra8 46. Ra3 Ra7 47. Ra1 Ra8 48. Rc1 Rc8 49. c7 Kf7 50. Kf5 Ke7 51. Kg6 h4 52. Kg7 Kd7 53. Kxf6 Rxc7 54. Rxc7+ {[%emt 0:00:00] White mates.} Kxc7 55. Ke7 a5 56. e5 dxe5 57. d6+ {[%emt 0:00:00] Weighted Error Value: White=0.13 (very precise) /Black=0.45} 1-0

[Event "101st Irish Championship 2022"]
[Site "Dublin"]
[Date "2022.07.05"]
[Round "1.6"]
[White "Cafolla, Peter"]
[Black "O`Donnell, Conor"]
[Result "0-1"]
[ECO "C02"]
[WhiteElo "1937"]
[BlackElo "2269"]
[Annotator "TA"]
[PlyCount "61"]
[EventDate "2022.07.05"]
[EventType "swiss"]
[EventCountry "IRL"]
[SourceTitle "playchess.com"]
[Source "ChessBase"]
[SourceQuality "1"]
[TimeControl "40/6300+30:1800+30"]

1. e4 e6 2. d4 d5 3. e5 c5 4. c3 Nc6 5. Nf3 Bd7 6. a3 f6 7. b4 fxe5 8. dxc5 {[%emt 0:08:11] C02: French: Advance Variation.} Qc7 {[%emt 0:26:14] [#]} (8... e4 $15 9. Nd4 g6) 9. Nbd2 $146 (9. c4 $11) ({Predecessor:} 9. Ng5 Nf6 10. Be2 Ne7 11. O-O g6 12. f4 e4 13. c4 Bg7 14. Bb2 Rd8 15. Be5 Qc8 {1-0 (36) Dergatschova,A (2187)-Mundorf,J (2115) Nordrheinwestfalen 2011}) 9... Nf6 10. Be2 {[%emt 0:04:21] Black is slightly better.} g6 11. Bb2 Bg7 12. c4 e4 13. cxd5 (13. Nd4 $15) 13... exd5 (13... exf3 $19 14. dxc6 fxg2 15. cxd7+ Nxd7) 14. Nd4 $1 $15 {[%emt 0:02:04] Black must now prevent Nb5.} O-O {[%emt 0:01:23][%cal Of6g4] Threatens to win with ...Ng4!} 15. N2b3 (15. Nb5 $15 Qf4 16. O-O) 15... Ne5 $1 $17 {[%emt 0:02:36] And now ...Nfg4 would win.} 16. h3 {[%emt 0:10:53] Against Nfg4} e3 ({Black should play} 16... Nh5 $1 $19 17. O-O Nf4) 17. Nf3 $2 (17. O-O $17) 17... exf2+ 18. Kf1 Nxf3 19. Bxf3 Rae8 20. Qd3 Bf5 (20... Qg3 $142 21. Be5 Rxe5) 21. Qd2 $19 Qg3 {[%emt 0:02:00][%cal Of5d3] ( -> ...Bd3+!)} 22. Nd4 Re1+ (22... Ne4 $142 23. Qd3 Bxd4 24. Bxd4 {[#]} Nd2+ $1 25. Qxd2 Bd3+ $1 26. Be2 Bxe2+ 27. Qxe2 Rxe2 28. Kxe2 Qxg2 29. Rhf1 Qe4+ 30. Be3 Rf3 31. Ra2 Qxe3+ 32. Kd1 Qd3+ 33. Rd2 Qxf1+ 34. Kc2 Qc4+ 35. Kb2 Qb3+ 36. Kc1 f1=Q+ 37. Rd1 Qfxd1#) 23. Rxe1 fxe1=Q+ 24. Qxe1 Bd3+ 25. Ne2 Ne4 26. Bxg7 Kxg7 27. Qa1+ Kg8 28. Qe1 {[%emt 0:00:06] Against Qf2+} g5 (28... Rxf3+ $142 29. gxf3 Qxf3+ 30. Kg1 Bxe2 31. Qh4 g5 32. Qe1 Qe3+ 33. Kg2 Bf3+ 34. Kh2 Qd4 35. Rf1 Qb2+ 36. Rf2 Qe5+ 37. Kg1 Qg3+ 38. Kf1 Qxh3+ 39. Kg1 Qh1#) 29. a4 {[%emt 0:01:53] Black is clearly winning.} h5 (29... Rxf3+ $142 30. gxf3 Qxf3+ 31. Kg1 Bxe2) 30. Qxg3 Nxg3+ 31. Kg1 {[%emt 0:00:00] Weighted Error Value: White=1.84/Black=1.14} 0-1

[Event "101st Irish Championship 2022"]
[Site "Dublin"]
[Date "2022.07.05"]
[Round "1.7"]
[White "Flynn, Jacob"]
[Black "O`cuilleanain, Oisin"]
[Result "1/2-1/2"]
[ECO "A05"]
[WhiteElo "2199"]
[BlackElo "1936"]
[Annotator "TA"]
[PlyCount "94"]
[EventDate "2022.07.05"]
[EventType "swiss"]
[EventCountry "IRL"]
[SourceTitle "playchess.com"]
[Source "ChessBase"]
[SourceQuality "1"]
[TimeControl "40/6300+30:1800+30"]

1. Nf3 Nf6 2. g3 b5 3. e3 a6 4. a4 b4 5. Bg2 Bb7 6. O-O {[%emt 0:00:50] A05: Réti Opening: 1 Nf3 Nf6.} e6 7. d3 {[%emt 0:10:57] [#]} Be7 $146 ({Predecessor:} 7... c5 8. c4 Be7 9. Nbd2 O-O 10. b3 d5 11. Bb2 Nbd7 12. Qe2 Qc7 13. Rac1 Rfe8 {½-½ (54) Roeder,M (2367)-Thybo,J (2575) Benasque 2021}) 8. e4 d6 9. Nbd2 O-O 10. Nc4 c5 11. a5 Nc6 12. e5 Ne8 13. exd6 Nxd6 14. Nfe5 (14. Nfd2 $11) 14... Nxe5 $15 15. Nxe5 Bxg2 16. Kxg2 Nf5 17. Nc4 Qd5+ 18. f3 Rad8 19. b3 Bf6 20. Ra4 h5 21. Ne3 Nxe3+ (21... Qb7 {looks sharper.} 22. Ra2 Rfe8 23. Nc4 g5) 22. Bxe3 Rb8 23. Qe2 Rfc8 24. Bf4 Rb5 25. Qe4 g6 26. Re1 Qd8 27. h4 Rxa5 ({Black should try} 27... Qd7 $15) 28. Rxa5 $11 Qxa5 29. Qb7 Re8 30. Qc6 Qb5 31. Qxb5 axb5 32. Be5 Bxe5 (32... Kg7 $5) 33. Rxe5 $17 {[%emt 0:00:01][%mdl 4096] Endgame KR-KR} Rc8 34. Re1 {[%emt 0:01:49] [#]} (34. g4 $15) 34... c4 $1 35. Re4 cxd3 36. cxd3 Rc2+ 37. Kh3 Rd2 ({Black should play} 37... Rc3 $17 38. Rxb4 Rxd3) 38. Rd4 $1 $15 e5 39. Rxb4 Rxd3 40. Rxb5 f6 (40... Rxf3 $15 41. Rxe5 Rxb3) 41. Kg2 $11 {[%emt 0:30:42] The position is equal.} Rd2+ 42. Kf1 Kg7 43. Rb7+ Kh6 44. Rb6 f5 45. Rb5 e4 46. fxe4 fxe4 47. Rb4 Rd3 {[%emt 0:00:00] Weighted Error Value: White=0.10 (very precise) /Black=0.09 (flawless)} 1/2-1/2

[Event "101st Irish Championship 2022"]
[Site "Dublin"]
[Date "2022.07.05"]
[Round "1.8"]
[White "Keogh, Eamon"]
[Black "Daly, Colm"]
[Result "0-1"]
[ECO "B06"]
[WhiteElo "1931"]
[BlackElo "2190"]
[Annotator "TA"]
[PlyCount "66"]
[EventDate "2022.07.05"]
[EventType "swiss"]
[EventCountry "IRL"]
[SourceTitle "playchess.com"]
[Source "ChessBase"]
[SourceQuality "1"]
[TimeControl "40/6300+30:1800+30"]

1. e4 d6 2. d4 g6 3. Nf3 Bg7 4. Bc4 Nf6 5. Qe2 O-O 6. O-O Bg4 7. h3 Bxf3 8. Qxf3 {[%emt 0:00:00] Threatening e5.} Nc6 {[%emt 0:00:23] Prevents e5. B06: Modern Defence.} 9. c3 e5 10. d5 Nb8 {[%emt 0:00:25] [#]} (10... Ne7 $1 $11) 11. Na3 $146 ({Predecessor:} 11. Bd3 Nbd7 12. c4 Nh5 13. Re1 Nf4 14. Bf1 f5 15. g3 Nc5 16. exf5 Nh5 17. Qd1 {1-0 (52) Martin Barcelo,C (2166)-Dalaud,D (2306) Barcelona 2021}) 11... Kh8 12. Nc2 Nbd7 13. Bg5 h6 14. Bh4 Qe8 15. g4 Nh7 16. Ne3 Bf6 17. Bg3 Qe7 18. Bd3 Bh4 19. Rae1 Kg7 20. Qg2 Bg5 21. Qh2 Bh4 22. Ng2 Bxg3 23. Qxg3 Rh8 24. Bb5 Ndf6 25. Bd3 a6 26. Kh2 h5 {[%emt 0:03:44] [#] Strongly threatening ...hxg4.} 27. f4 $2 (27. f3 $1 $11 {and White has nothing to worry.}) 27... hxg4 $19 28. h4 Nh5 29. Qxg4 N7f6 $36 {[%emt 0:00:15][%mdl 2048] Black is really pushing.} 30. Qg5 Nxf4 31. Rxf4 (31. Nxf4 $17 {was the only chance.} exf4 32. Rxf4 Nxd5 33. Qxe7 (33. Qxd5 $2 Rxh4+ 34. Kg3 Rxf4 $19) 33... Nxe7 34. Bc4) 31... exf4 {[%emt 0:03:00] Black is clearly winning.} 32. e5 (32. Qxf4 $142 Rh5 33. c4) 32... dxe5 33. Rxe5 {[%emt 0:00:00] [#]} Ng4+ $1 {[%emt 0:46:02][%mdl 512] Weighted Error Value: White=0.55/Black=0.13 (very precise)} 0-1

[Event "101st Irish Championship 2022"]
[Site "Dublin"]
[Date "2022.07.05"]
[Round "1.9"]
[White "Carroll, Peter"]
[Black "Goss, Alex"]
[Result "1/2-1/2"]
[ECO "D00"]
[WhiteElo "2116"]
[BlackElo "1859"]
[Annotator "TA"]
[PlyCount "93"]
[EventDate "2022.07.05"]
[EventType "swiss"]
[EventCountry "IRL"]
[SourceTitle "playchess.com"]
[Source "ChessBase"]
[SourceQuality "1"]
[TimeControl "40/6300+30:1800+30"]

1. d4 d5 2. Nc3 Nf6 3. Bf4 c5 4. e4 e6 5. dxc5 Bxc5 {[%emt 0:05:28] ...Qb6 is the strong threat.} 6. exd5 {[%emt 0:06:12] D00: 1 d4 d5: Unusual lines.} Nxd5 7. Nxd5 {[%emt 0:00:16] [#]} exd5 $146 ({Predecessor:} 7... Qxd5 8. Qxd5 exd5 9. O-O-O Be6 10. Be5 O-O 11. Bd4 Be7 12. Ne2 Nc6 13. Be3 Bf6 {½-½ (60) Paravyan,D (2631)-Kobalia,M (2594) Moscow 2021}) 8. Qe2+ Qe7 9. Qxe7+ Kxe7 10. Nf3 Nc6 (10... f6 {is more complex.} 11. O-O-O Bxf2 12. Rxd5 Be6) 11. Rd1 Rd8 12. Bd3 h6 13. O-O Bg4 14. Rde1+ Kf8 15. Ne5 Nxe5 16. Bxe5 Bd6 17. Bd4 b6 18. f3 Be6 19. f4 Bc5 20. Bxc5+ bxc5 21. f5 Bd7 22. f6 Re8 23. fxg7+ Kxg7 24. Kf2 Rxe1 25. Rxe1 $11 {[%emt 0:00:02][%mdl 4096] Endgame KRB-KRB} Re8 26. Be2 Bf5 27. c3 a5 28. Rd1 Be6 29. Bf3 Rd8 30. Rd2 Kf6 {[%emt 0:06:43] The position is equal.} 31. b3 Kg5 32. Rd3 f5 33. Re3 Rd6 34. g3 Kf6 35. Rd3 Ke5 36. Re3+ Kf6 37. Re1 Rb6 38. Ke3 Ke5 39. Kd3+ Kf6 40. Kc2 Rb8 41. Bd1 Rb6 42. Rf1 Ke5 43. Rf4 d4 44. cxd4+ cxd4 45. Kd3 Rd6 46. Bf3 a4 47. Bd1 {[%emt 0:00:00] Weighted Error Value: White=0.06 (flawless) /Black=0.07 (flawless)} 1/2-1/2

[Event "101st Irish Championship 2022"]
[Site "Dublin"]
[Date "2022.07.05"]
[Round "1.10"]
[White "Ivanov, Andrey A."]
[Black "Doyle, Anthony"]
[Result "1-0"]
[ECO "C59"]
[WhiteElo "2180"]
[BlackElo "2116"]
[Annotator "TA"]
[PlyCount "79"]
[EventDate "2022.07.05"]
[EventType "swiss"]
[EventCountry "IRL"]
[SourceTitle "playchess.com"]
[Source "ChessBase"]
[SourceQuality "1"]
[TimeControl "40/6300+30:1800+30"]

1. e4 e5 2. Nf3 Nc6 3. Bc4 Nf6 4. Ng5 d5 5. exd5 Na5 6. Bb5+ c6 7. dxc6 bxc6 8. Be2 h6 9. Nh3 Bc5 10. O-O O-O 11. d3 Nb7 {[%emt 0:12:25] C59: Two Knights: 4 Ng5 d5 5 exd5 Na5 5 Bb5+ c6 6 dxc6 bxc6 7 Be2.} 12. Kh1 {[%emt 0:01:12] [#]} Qe7 $146 ({Predecessor:} 12... Bb6 13. Nd2 Nd6 14. Bf3 Qc7 15. Ng1 Ba6 16. c4 Rad8 17. Qa4 Bc8 18. b4 c5 19. Bb2 cxb4 20. Bxe5 {0-1 (72) Veinger,I (2585)-Timmerman,G (2710) Norway 1994}) 13. Nc3 Nd5 {[%emt 0:17:44] The position is equal.} 14. Nxd5 cxd5 15. f4 Bxh3 16. gxh3 e4 17. f5 {[%emt 0:02:50] And now d4 would win.} f6 (17... e3 $14) 18. d4 $16 Bb6 19. Rg1 {[%emt 0:01:55] Hoping for Bxh6.} Kh7 (19... Nd6 $14) 20. Bh5 $1 $18 Nd6 21. Bg6+ $1 ({Worse is} 21. Qg4 Bxd4 22. Rd1 Be5 $11) 21... Kh8 22. c3 (22. Qh5 $142 $1 {[%cal Oc1h6] Threatening mate with Bxh6!} e3 23. Qg4) 22... Nf7 {[%emt 0:06:09] This costs Black the game.} (22... e3 $2 23. Qf3 $18) (22... Rfd8 $16) 23. h4 Bc7 24. Be3 {[%emt 0:01:25] aiming for Rg2.} Rab8 25. Rb1 Nd6 $2 {[%emt 0:00:44] [#]} (25... Rb7 26. b3 a5) 26. Qh5 $1 Nf7 (26... Nc4 {[#] gets mated.} 27. Bxh6 $1 (27. Qe2 Rb7 $11) 27... Rfc8 28. Bf4+ Kg8 29. Qh7+ Kf8 30. Qh8#) 27. Rg2 Bd6 28. Rbg1 a5 {[%emt 0:05:06] [#]} 29. Bh7 $1 {[%emt 0:01:32][%mdl 512] This bishop pair is nice.} Rg8 30. Bxg8 Rxg8 31. Rg6 Kh7 32. Qg4 Qf8 33. Rg2 Bc7 34. Qh5 Qe7 {[%emt 0:03:06] [#]} (34... Bd6 $142 35. b3 a4) 35. Bg5 $1 fxg5 36. hxg5 Nxg5 37. R6xg5 {[%emt 0:00:53][%cal Bg6g5,Bg5h5,Bh5h6][%mdl 32] Qg6+ would kill now.} Bd8 38. Qg6+ Kh8 39. Rh5 {[%emt 0:00:15][%cal Oh5h6] Intending Rxh6+! and mate.} Qf6 {[%emt 0:00:43] [#]} 40. Rxh6+ $3 {[%emt 0:00:11][%mdl 512] Weighted Error Value: White=0.14 (very precise) /Black=0.48} 1-0